 Dungeon Crawl Stone Soup version 0.32-a0 (webtiles) character file.

Game seed: 13578454293131588354

176 James the Sneak (level 5, 0/25 HPs)
             Began as a Spriggan Enchanter on Jan 13, 2024.
             Was an Initiate of Wu Jian.
             Slain by Duvessa (13 damage)
             ... on level 4 of the Dungeon.
             The game lasted 00:15:25 (3653 turns).

James the Sneak (Spriggan Enchanter)                Turns: 3653, Time: 00:15:26

Health: 0/25       AC:  2    Str:  4    XL:     5   Next: 30%
Magic:  8/11       EV: 18    Int: 16    God:    Wu Jian [......]
Gold:   183        SH:  0    Dex: 18    Spells: 3/11 levels left

rFire   + . .        a - +1 dagger
rCold   . . .        (no shield)
rNeg    . . .        l - +0 robe
rPois   .            (helmet restricted)
rElec   .            (no cloak)
rCorr   .            (gloves unavailable)
SInv    +            (boots unavailable)
Will    .....        (no amulet)
Stlth   +++          i - ring of protection from fire
HPRegen 0.24/turn    (no ring)
MPRegen 0.12/turn

%: no passive effects
@: very slightly contaminated, very quick
A: very small, no large weapons, unfitting armour, see invisible, speed 3
a: Renounce Religion


You were on level 4 of the Dungeon.
You worshipped Wu Jian.
Wu Jian was noncommittal.
You visited 2 branches of the dungeon, and saw 5 of its levels.

You collected 183 gold pieces.

Inventory:

Hand Weapons
 a - a +1 dagger (weapon)
 b - a +0 sling
   (You took it off a goblin on level 2 of the Dungeon)
 m - a +0 short sword
   (You took it off a kobold on level 2 of the Dungeon)
Missiles
 e - 40 stones (quivered)
 q - a boomerang
Armour
 f - a +0 robe
   (You took it off Dowan on level 4 of the Dungeon)
 g - an orb of wrath
   (You found it on level 4 of the Dungeon)
 l - a +0 robe (worn)
 o - a +0 robe
   (You found it on level 1 of the Dungeon)
Jewellery
 i - a ring of protection from fire (left hand)
   (You found it on level 3 of the Dungeon)
Scrolls
 d - a scroll of blinking {unknown}
 j - a scroll of poison {unknown}
 k - 4 scrolls of teleportation {@r4}
 s - a scroll of fear {unknown}
 t - a scroll of enchant armour {unknown}
Potions
 c - 2 potions of invisibility
 h - a potion of enlightenment {unknown}
 n - a potion of curing {@q1}
 p - a potion of resistance {unknown}
 r - 2 potions of lignification {!q}


   Skills:
 + Level 0.7 Fighting
 * Level 3.1 Short Blades
 + Level 3.7 Dodging
 + Level 5.3 Stealth
 + Level 3.5 Spellcasting
 + Level 4.3 Hexes
 - Level 1.0 Ice Magic


You had 3 spell levels left.
You knew the following spells:

 Your Spells              Type           Power      Damage    Failure   Level
a - Confusing Touch       Hex            16%        N/A       9%          3
d - Tukima's Dance        Hex            16%        N/A       9%          3
x - Ensorcelled Hibernat  Hex/Ice        22%        N/A       9%          2

Your spell library contained the following spells:

 Spells                   Type           Power      Damage    Failure   Level
 Dazzling Flash           Conj/Hex       18%        N/A       22%         3
 Lesser Beckoning         Tloc           4%         N/A       26%         2
 Gell's Gravitas          Tloc           2%         N/A       47%         3
 Teleport Other           Tloc           2%         N/A       47%         3


Dungeon Overview and Level Annotations

Branches:
Dungeon (4/15)             Temple (1/1) D:4

Altars:
Ashenzari
Cheibriados
Dithmenos
Fedhas
Gozag
Hepliaklqana
Kikubaaqudgha
Makhleb
Nemelex Xobeh
Qazlal
Ru
Trog
Uskayaw
Vehumet
Wu Jian
Yredelemnul
Zin
The Shining One

Shops:
D:2 ?   D:3 :*

Annotations:
D:3 Grinder
D:4 Duvessa


Innate Abilities, Weirdness & Mutations

You are very small and have problems with some larger weapons.
You are too small for most types of armour.
You have supernaturally acute eyesight. (SInv)
You cover ground extremely quickly. (Speed+++)


Message History

You closely miss Duvessa. Duvessa barely misses you.
Your +0 short sword hits Duvessa but does no damage.
You hit Duvessa but do no damage. Duvessa closely misses you.
Your +0 short sword hits Duvessa.
Duvessa closely misses you.
You hit Duvessa but do no damage. Duvessa hits you but does no damage.
Your +0 short sword hits Duvessa.
You hit Duvessa but do no damage. Duvessa hits you!
Ouch! That really hurt!
* * * LOW HITPOINT WARNING * * *
Your +0 short sword hits Duvessa but does no damage.
Your +0 short sword hits Duvessa.
Duvessa attacks as she pursues you! Duvessa misses you.
Duvessa rages.
Duvessa rages.
Items here: )) ÷ †.
There is a stone staircase leading up here.
You climb upwards.
Level annotation: Grinder
There is a stone staircase leading down here.
You start resting.
You climb downwards.
Level annotation: Duvessa Duvessa closely misses you.
Duvessa hits you.
There is a stone staircase leading up, spattered with blood here.
Duvessa rages.
Duvessa attacks as she pursues you! Duvessa misses you.
Duvessa attacks as she pursues you! Duvessa hits you.
Duvessa attacks as she pursues you! Duvessa hits you.
* * * LOW HITPOINT WARNING * * *
Duvessa attacks as she pursues you! Duvessa closely misses you.
Duvessa rages.
Duvessa rages.
Duvessa rages.
Duvessa rages.
You see here a +0 short sword.
Duvessa rages.
You start resting.
Duvessa is nearby!
Found 7 stones.
Duvessa rages.
Found the Incunable of Transposition.
Duvessa rages.
Items here: )) ÷÷.
You miscast Confusing Touch.
You are very lightly contaminated with residual magic.
Nothing appears to happen.
Duvessa closely misses you.
You barely miss Duvessa. Duvessa hits you! Duvessa attacks as she pursues you!
Duvessa hits you!
Ouch! That really hurt!
You die...

,,,,,,,,*,,,,,****#..............
,,,,,,,,*,,,*** #..............
,,,,,,..#.g.#######..............
,,,,,,....P.#######.............$
,,,,,,.PPPPP###..................
,,****#PP_P.###.###..............
,,,,,,..P.PP###..................
,,,,,,..P.P.#######..............
,,,,,,..........@e.).............
,>,,,,..≈.^...##<)..........###..
,,,,,..§≈.#≈#.#####.........# #.⌠
,,,,,..§§_#≈................###..
******#≈#≈....###########........
,,,,,,.§§.#.......e.....e....⌠..>
***#######....####...####........
##.........#####...####...###..
#...........####...####...# #.⌠


You could see Duvessa (berserk).

Vanquished Creatures
  Dowan (D:4)
  A bombardier beetle (D:4)
  2 adders (D:2)
  2 ribbon worms
  6 dart slugs
  An orc (D:2)
  6 ball pythons
  4 bats (D:2)
  6 endoplasms
  2 giant cockroaches
  8 goblins
  3 hobgoblins
  2 jackals (D:3)
  6 kobolds
  3 quokkas
  3 frilled lizards
  8 rats
64 creatures vanquished.

Notes
Turn   | Place    | Note
-------+----------+-------------------------------------------
     0 | D:1      | James the Spriggan Enchanter began the quest for the Orb.
     0 | D:1      | Reached XP level 1. HP: 9/9 MP: 5/5
   252 | D:1      | Reached XP level 2. HP: 11/13 MP: 6/6
   255 | D:1      | Learned a level 2 spell: Ensorcelled Hibernation
  1024 | D:2      | Reached XP level 3. HP: 16/16 MP: 8/8
  1063 | D:2      | Found a burning altar of Makhleb.
  1524 | D:2      | Learned a level 3 spell: Confusing Touch
  1528 | D:2      | Learned a level 3 spell: Tukima's Dance
  1662 | D:2      | Found The Oracle's Delphic Readings.
  1685 | D:2      | Reached XP level 4. HP: 21/21 MP: 2/9
  1981 | D:3      | Found a sacrificial altar of Ru.
  1983 | D:3      | Reached skill level 5 in Stealth
  2138 | D:3      | Noticed Grinder
  2407 | D:3      | Found Oryopox's Book Boutique.
  2475 | D:3      | Found Isiopn's General Store.
  2534 | D:3      | Found an ancient bone altar of Kikubaaqudgha.
  2982 | D:4      | Found a stormy altar of Qazlal.
  2982 | D:4      | Found a blossoming altar of Fedhas.
  2991 | D:4      | Found a staircase to the Ecumenical Temple.
  3014 | D:4      | Noticed Dowan
  3139 | D:4      | Killed Dowan
  3140 | D:4      | Reached skill level 1 in Ice Magic
  3140 | D:4      | Reached XP level 5. HP: 25/25 MP: 3/11
  3242 | D:4      | Noticed Duvessa
  3393 | Temple   | Entered the Ecumenical Temple
  3410 | Temple   | Became a worshipper of the Wu Jian Council
  3653 | D:4      | Slain by Duvessa

Illustrated notes

Levels and vault maps discovered:
D:1:      dpeg_arrival_circle_labyrinth_c, layout_loops_cross
D:2:      layout_basic, basic_altar, nicolae_nh_oracle_at_delphi
D:3:      layout_rooms, mainiacjoe_overflow_catwalk_spiral, serial_shops, shop,
          nicolae_shop_back_alley_shop, serial_aquarium,
          aquarium_bridge_straight [aquarium_subvault_bridge,
          aquarium_subvault_wall, aquarium_subvault_bridge,
          aquarium_subvault_window], aquarium_window_double, aquarium_window_1,
          aquarium_view_2f, aquarium_balcony_1b, aquarium_pool_split,
          uniq_grinder
D:4:      layout_basic, grunt_temple_overflow_forces_of_nature,
          minmay_temple_entry_junction, uniq_duvessa, uniq_crazy_yiuf_cottage,
          uniq_ijyb
Temple:   eino_temple_lava

Skill      XL: |  1  2  3  4 |
---------------+-------------+-----
Spellcasting   | 3 |  3.5
Dodging        | 3 |  3.7
Short Blades   | 2 3 |  3.1
Hexes          | 4 |  4.3
Stealth        | 5 |  5.3
Ice Magic      | 1 |  1.0
Fighting       | |  0.7

Action                     |  1- 3 |  4- 6 || total
---------------------------+-------+-------++-------
  Melee: Dagger            |    92 |    74 ||   166
   Cast: Ensorcelled Hiber |     4 |    12 ||    16
         Tukima's Dance    |       |     1 ||     1
    Use: Scroll            |       |     4 ||     4
   Stab: Sleeping          |    20 |    11 ||    31
         Distracted        |     1 |     1 ||     2
 Armour: Robe              |    18 |    22 ||    40
  Dodge: Dodged            |    63 |    56 ||   119

Table legend: (Time is in decaauts)
 A = Elapsed time spent in this place.
 B = Non-inter-level travel time spent in this place.
 C = Inter-level travel time spent in this place.
 D = Time resting spent in this place.
 E = Time spent auto-exploring this place.
 F = Levels seen in this place.
 G = Mean time per level.
                   A        B        C        D        E       F      G
               +--------+--------+--------+--------+--------+-----+--------+
         Total |   2520 |   2364 |    156 |    320 |   1059 |   5 |  504.0 |
       Dungeon |   2502 |   2346 |    156 |    320 |   1059 |   4 |  625.5 |
        Temple |     18 |     18 |      0 |      0 |      0 |   1 |   18.0 |
               +--------+--------+--------+--------+--------+-----+--------+

Top non-repeatable levels by time:
     D:2: 874 daAuts
     D:3: 696 daAuts
     D:1: 603 daAuts
     D:4: 328 daAuts
  Temple: 18 daAuts
